 Dungeon Crawl Stone Soup version 0.31.0-9-g3a7656b989 (webtiles) character file.

Game seed: 7892956019387422531

802 Gartch the Cleaver (level 7, -5/62 HPs)
             Began as a Hill Orc Monk on Jan 24, 2024.
             Was a Believer of Beogh.
             Engulfed by a cloud of steam (6 damage)
             ... on level 6 of the Dungeon.
             The game lasted 00:23:08 (6300 turns).

Gartch the Cleaver (Hill Orc Monk)                  Turns: 6300, Time: 00:23:09

Health: -5/62      AC: 10    Str: 16    XL:     7   Next: 91%
Magic:  2/2        EV:  8    Int: 10    God:    Beogh [**....]
Gold:   34         SH:  0    Dex: 13    Spells: 6/6 levels left

rFire   . . .        a - +1 hand axe (antimagic)
rCold   . . .        d - orb {light}
rNeg    . . .        t - +0 chain mail
rPois   .            (no helmet)
rElec   .            (no cloak)
rCorr   +            (no gloves)
SInv    .            e - +0 pair of boots
Will    .....        (no amulet) Stlth
                     o - ring of resist corrosion
HPRegen 0.30/turn    (no ring)
MPRegen 0.08/turn

%: no passive effects
@: mighty, glowing
A: no striking features
a: Renounce Religion, Smiting


You were on level 6 of the Dungeon.
You worshipped Beogh.
Beogh was pleased with you.
You visited 2 branches of the dungeon, and saw 7 of its levels.

You collected 310 gold pieces.
You spent 276 gold pieces at shops.

Inventory:

Hand Weapons
 a - a +1 antimagic hand axe (weapon)
 b - a +0 sling
 y - a +1 hand axe
Missiles
 h - 45 stones (quivered)
Armour
 d - an orb of light (worn)
 e - a +0 pair of boots (worn)
 t - a +0 chain mail (worn)
Jewellery
 o - a ring of resist corrosion (left hand)
Wands
 r - a wand of mindburst (6)
Scrolls
 f - a scroll of enchant weapon
 k - a scroll of fear {unknown}
 q - 2 scrolls of enchant armour
 A - 2 scrolls of teleportation {unknown}
 B - a scroll of butterflies {unknown}
Potions
 c - a potion of ambrosia
 g - 2 potions of curing
 i - a potion of lignification
 j - a potion of invisibility
 l - a potion of mutation {unknown}
 n - a potion of brilliance {unknown}
 u - 3 potions of cancellation
 v - a potion of enlightenment
 w - a potion of magic {unknown}
 x - a potion of berserk rage {unknown}
 z - 2 potions of haste


   Skills:
 + Level 5.7 Fighting
 * Level 8.2 Axes
 + Level 4.0 Armour
 + Level 3.8 Dodging


You had 6 spell levels left.
You didn't know any spells.
Your spell library was empty.

Dungeon Overview and Level Annotations

Branches:
Dungeon (6/15)             Temple (1/1) D:4

Altars:
Ashenzari
Cheibriados
Dithmenos
Fedhas
Gozag
Hepliaklqana
Kikubaaqudgha
Makhleb
Nemelex Xobeh
Qazlal
Ru
Sif Muna
Trog
Uskayaw
Vehumet
Xom
Yredelemnul
Zin
The Shining One

Shops:
D:1 !


Message History

You are engulfed in a cloud of scalding steam.
The steam dragon breathes steam at you. The ball of steam misses you.
You barely miss the steam dragon.
The steam dragon is moderately wounded.
You are engulfed in a cloud of scalding steam.
* * * LOW HITPOINT WARNING * * *
The steam dragon bites you.
* * * LOW HITPOINT WARNING * * *
The steam dragon claws you.
* * * LOW HITPOINT WARNING * * *
You feel much better.
You are engulfed in a cloud of scalding steam.
The steam dragon bites you! The steam dragon claws you.
* * * LOW HITPOINT WARNING * * *
You hit the steam dragon.
The steam dragon is moderately wounded.
You are engulfed in a cloud of scalding steam.
The steam dragon bites you but does no damage.
The steam dragon claws you but does no damage.
You hit the steam dragon.
The steam dragon is moderately wounded.
You slash the steam dragon!
The steam dragon is severely wounded.
The steam dragon breathes steam at you. The ball of steam hits you.
* * * LOW HITPOINT WARNING * * *
You hear an angry hiss.
You hit the steam dragon.
The steam dragon is almost dead.
You are engulfed in a cloud of scalding steam.
* * * LOW HITPOINT WARNING * * *
The steam dragon bites you.
* * * LOW HITPOINT WARNING * * *
The steam dragon claws you but does no damage.
You slash the steam dragon!
You kill the steam dragon!
Beogh accepts your kill.
You are engulfed in a cloud of scalding steam.
You die...

#.#####.##### #.# ##
#...........# #.#
...####.#####.###.#
#.# #.......##
#.###.###.# ####.§...#
#.........# ##...##
#####.##### ##§## #<#
#§# #.# #@# #.######
##'### #.......
##..>.####......###.
##.................#
##....##...###...##...
#....## .#.# #.#.# #..
+....###...# #. .# ..
#..(....# # .# #. .
##....#.# . .


There were no monsters in sight!

Vanquished Creatures
  A steam dragon (D:6)
  An ice beast (D:6)
  2 black bears (D:5)
  An ogre (D:4)
  A bombardier beetle (D:5)
  A jelly (D:6)
  2 hounds
  2 iguanas (D:4)
  2 orc wizards (D:3)
  6 gnolls (D:4)
  7 adders
  A shadow imp (D:6)
  A white imp (D:6)
  A dart slug (D:1)
  10 orcs
  8 endoplasms
  4 goblins
  7 hobgoblins
  3 jackals (D:4)
  6 kobolds
  4 quokkas
  8 ball pythons
  6 bats
  7 frilled lizards
  5 rats
97 creatures vanquished.

Notes
Turn   | Place    | Note
-------+----------+-------------------------------------------
     0 | D:1      | Gartch the Hill Orc Monk began the quest for the Orb.
     0 | D:1      | Reached XP level 1. HP: 19/19 MP: 1/1
   308 | D:1      | Reached XP level 2. HP: 27/27 MP: 2/2
   393 | D:1      | Found Dofuts's Distillery.
   409 | D:1      | Bought a potion of curing for 36 gold pieces
   730 | D:1      | Reached skill level 1 in Armour
   962 | D:2      | Reached XP level 3. HP: 33/33 MP: 3/3
  1181 | D:2      | Reached skill level 5 in Axes
  1181 | D:2      | Reached XP level 4. HP: 32/40 MP: 4/4
  1392 | D:2      | Found a faded altar of an unknown god.
  1542 | D:1      | Bought a potion of heal wounds for 60 gold pieces
  2646 | D:3      | Reached XP level 5. HP: 42/47 MP: 5/5
  2663 | D:3      | Reached skill level 6 in Axes
  3370 | D:4      | Noticed an ogre
  3620 | D:4      | Found a staircase to the Ecumenical Temple.
  3629 | D:4      | Identified the +2 robe "Emynoiso" {rN+ Str+3 Archmagi}
  3636 | Temple   | Entered the Ecumenical Temple
  3768 | D:1      | Bought a potion of enlightenment for 60 gold pieces
  3888 | D:4      | Reached XP level 6. HP: 53/53 MP: 6/6
  4199 | D:4      | Found a bloodstained altar of Trog.
  4273 | D:4      | Reached skill level 5 in Fighting
  4534 | D:4      | Reached skill level 7 in Axes
  4612 | D:5      | Entered Level 5 of the Dungeon
  4759 | D:5      | Reached XP level 7. HP: 58/61 MP: 2/7
  5024 | D:5      | Became a worshipper of Beogh the Brigand
  5024 | D:5      | Reached * piety under Beogh
  5024 | D:5      | Reached ** piety under Beogh
  5369 | D:5      | Found a burning altar of Makhleb.
  5372 | D:5      | Found a glowing golden altar of the Shining One.
  5375 | D:5      | Found a shimmering altar of Xom.
  5376 | D:5      | Found a hide-covered altar of Uskayaw.
  5377 | D:5      | Found an opulent altar of Gozag.
  5826 | D:1      | Bought a potion of haste for 120 gold pieces
  6121 | D:6      | Reached skill level 8 in Axes
  6281 | D:6      | Noticed a steam dragon
  6299 | D:6      | HP: 1/62 [steam dragon (4)]
  6300 | D:6      | Killed a steam dragon
  6300 | D:6      | Engulfed by a cloud of steam

Illustrated notes

Levels and vault maps discovered:
D:1:      roderic_chinese_lattice_arrival, layout_basic, serial_shops, shop,
          chequers_serial_rivers_large_b, chequers_jeans
D:2:      layout_basic, shapermc_ecumenical_altar_starsandcircs, minivault_23
D:3:      layout_loops_ring
D:4:      layout_gridville, trog_antimagical, minmay_temple_entry_sparse_star
D:5:      layout_basic, minitemple
D:6:      layout_loops_corners, nzn_wu_jian_contemplation, minmay_starry_boxes
Temple:   oiseaux_autumnal_temple

Skill      XL: |  1  2  3  4  5  6  7 |
---------------+----------------------+-----
Armour         | 1 2 3 4 |  4.0
Fighting       | 4 5 |  5.7
Axes           | 5 6 7 8 |  8.2
Dodging        | 3 |  3.8

Action                     |  1- 3 |  4- 6 |  7- 9 || total
---------------------------+-------+-------+-------++-------
  Melee: Hand axe          |    81 |   169 |    92 ||   342
   Fire: Sling             |       |       |     1 ||     1
  Throw: Stone             |       |    24 |     3 ||    27
 Invoke: Convert to Beogh  |       |       |     1 ||     1
    Use: Scroll            |     2 |     3 |     2 ||     7
         Potion            |       |     1 |     3 ||     4
 Armour: Leather armour    |    34 |    38 |       ||    72
         Chain mail        |       |    60 |   105 ||   165
  Dodge: Dodged            |    44 |    66 |    23 ||   133
